 Dungeon Crawl Stone Soup version 0.30-a0-691-g754fce4c43 (webtiles) character file.

Game seed: 5053217112451990650

3430 drugrobin the Grappler (level 9, -1/68 HPs)
             Began as a Demigod Delver on Jan 20, 2023.
             Constricted to death by Joseph (6 damage)
             ... on level 7 of the Dungeon.
             The game lasted 00:23:52 (9487 turns).

drugrobin the Grappler (Demigod Delver)             Turns: 9487, Time: 00:23:53

Health: -1/68      AC:  8    Str: 21    XL:     9   Next: 48%
Magic:  7/11       EV:  9    Int: 18    God:
Gold:   415        SH:  0    Dex: 19    Spells: 0/8 levels left

rFire   . . .      SeeInvis .      - Unarmed
rCold   . . .      Faith    .    (no shield)
rNeg    . . .      Spirit   .    K - +1 robe {Will+}
rPois   .          Reflect  .    (no helmet)
rElec   .          Harm     .    p - +0 cloak
rCorr   .          Rampage  .    (no gloves)
Will    +....                    (no boots)
Stlth   +++                      (no amulet)
HPRegen 0.31/turn                q - +6 ring of intelligence
MPRegen 0.12/turn                B - +4 ring of protection

@: grasped by roots, constricted
A: high MP 1, forlorn, divine attributes
a: no special abilities


You were on level 7 of the Dungeon.
You visited 1 branch of the dungeon, and saw 7 of its levels.
You also visited: Sewer.

You collected 435 gold pieces.
You spent 20 gold pieces at shops.

Inventory:

Hand Weapons
 b - a +1 dagger of venom
 c - a +0 sling
 d - the +11 spear "Dur Veph" {elec, rCorr Str+3 Dex+3}
   (You found it on level 6 of the Dungeon)

   Str:       It affects your strength (+3).
   Dex:       It affects your dexterity (+3).
   rCorr:     It protects you from acid and corrosion.
 e - a +0 shortbow
Missiles
 g - 83 stones (quivered)
 A - 7 poisoned darts
 M - a curare-tipped dart
Armour
 p - a +0 cloak (worn)
 K - a +1 robe of willpower (worn)
Magical Staves
 F - a staff of earth
Jewellery
 q - a +6 ring of intelligence (left hand)
 v - a ring of protection from fire
 B - a +4 ring of protection (right hand)
Wands
 f - a wand of digging (9)
 w - a wand of acid (9)
 N - a wand of roots (18)
Scrolls
 h - 5 scrolls of teleportation {unknown}
 i - 2 scrolls of magic mapping
 j - 5 scrolls of silence {unknown}
 k - 3 scrolls of fog
 l - a scroll of summoning {unknown}
 m - 11 scrolls of identify
 n - 2 scrolls of poison {unknown}
 o - 2 scrolls of fear
 r - a scroll of enchant armour {unknown}
 u - a scroll of torment {unknown}
 x - a scroll of blinking {unknown}
 y - 2 scrolls of noise {unknown}
 z - 2 scrolls of enchant weapon {unknown}
 C - 2 scrolls of immolation {unknown}
 E - a scroll of vulnerability {unknown}
Potions
 a - a potion of heal wounds {unknown}
 s - a potion of attraction {unknown}
 t - a potion of curing
 D - a potion of haste
 G - a potion of flight {unknown}
 H - 2 potions of brilliance {unknown}
 I - a potion of cancellation {unknown}
 J - a potion of invisibility {unknown}
 L - a potion of mutation {unknown}
 O - a potion of magic {unknown}


   Skills:
 - Level 2.6 Fighting
 - Level 1.7 Dodging
 - Level 4.5 Stealth
 + Level 12.8 Unarmed Combat


You couldn't memorise any spells.
You knew the following spells:

 Your Spells              Type           Power      Damage    Failure   Level
a - Blink                 Tloc           0%         N/A       32%         2
b - Spider Form           Tmut/Pois      0%         N/A       54%         3
c - Ozocubu's Armour      Ice            0%         N/A       54%         3

Your spell library contained the following spells:

 Spells                   Type           Power      Damage    Failure   Level
 Ensorcelled Hibernation  Hex/Ice        0%         N/A       32%         2
 Static Discharge         Conj/Air       0%         2-2/arc   32%         2
 Vhi's Electric Charge    Tloc/Air       0%         N/A       54%         3
 Anguish                  Hex/Necr       0%         N/A       91%         4
 Manifold Assault         Tloc           0%         N/A       91%         4
 Arcjolt                  Conj/Air       0%         1d10      99%         5
 Lightning Bolt           Conj/Air       0%         1d11      99%         5
 Ozocubu's Refrigeration  Ice            0%         4d7       100%        7
 Storm Form               Tmut/Air       0%         N/A       100%        7


Dungeon Overview and Level Annotations

Branches:
Dungeon (7/15)             Temple (0/1) D:4           Sewer (visited)

Shops:
D:2 ?   D:4 =

Annotations:
D:2 1 runed translucent door, Crazy Yiuf
D:7 Joseph


Innate Abilities, Weirdness & Mutations

You have an increased reservoir of magic. (+10% MP)
You shall have no god before yourself.
Your divine heritage dramatically boosts your attributes as you level up.


Message History

Joseph hits you with a +0 quarterstaff!
You hit Joseph.
Joseph looks as sick as possible!
Joseph is heavily wounded.
Joseph hits you with a +0 quarterstaff.
You hit Joseph but do no damage.
Joseph looks as sick as possible!
Joseph is heavily wounded.
Joseph completely misses you.
You hit Joseph.
Joseph looks as sick as possible!
Joseph is heavily wounded.
You barely miss Joseph.
Joseph is heavily wounded.
Joseph shouts, "Wow!"
Joseph zaps a wand.
The roots erupt in riotous growth!
The grasping roots grab you!
Joseph is unaffected.
The grasping roots constrict you.
You bite Joseph!
Joseph is severely wounded.
Joseph says, "The best offense is a good offense."
Joseph hits you with a +0 quarterstaff! The grasping roots constrict you!
You hit Joseph.
Joseph looks as sick as possible!
Joseph is severely wounded.
Your transformation has ended.
Your +0 cloak unmelds from your body.
Your +1 robe of willpower unmelds from your body.
You feel strong-willed. Joseph hits you with a +0 quarterstaff!
* * * LOW HITPOINT WARNING * * *
The grasping roots constrict you.
* * * LOW HITPOINT WARNING * * *
Unknown command.
Unknown command.
Unknown command.
Aiming: Corrosive Bolt
Press: ? - help, Shift-Dir - straight line, f - Joseph
Aim: Joseph, wielding a +0 quarterstaff, wearing a +0 ring mail and carrying a wand of roots (10) (almost dead, extremely poisoned, 75% to hit)
The bolt of acid hits Joseph!
Joseph is almost dead.
Joseph hits you with a +0 quarterstaff!
* * * LOW HITPOINT WARNING * * *
The grasping roots constrict you.
You die...

###....##...###...#####.#.# #.# #
#......>............###########
#.###.########.####.#.....#....
#.# #.# #....#.#.....'.... #.#
#.# ####.#.#_....'..8# #.# #.#
#....#.#.....'.... #.# #.#
#.####.#.....#.... #.# #.#
#.#....########### #.# #.#
#@#.##.#....†.....
#.###.########@#.##...........#
###......@.........#####.########
........########.#######.# #
######### #.........# #
#.#######.# # ### ###


You could see Joseph (extremely poisoned).

Vanquished Creatures
  Grinder (D:5)
  2 water moccasins (D:7)
  Pargi (Sewer)
  A sky beast (D:7)
  A black bear (D:6)
  4 ogres
  A centaur (D:5)
  A kobold brigand (D:7)
  A phantom (D:4)
  Blork the orc (D:4)
  2 bullfrogs (D:7)
  3 necrophages
  A scorpion (D:5)
  22 wights
  2 hounds
  2 jellies
  5 orc priests
  A gnoll bouda (D:6)
  An iguana (D:3)
  An orc wizard (D:3)
  5 gnolls (D:6)
  6 adders
  A shadow imp (D:5)
  A white imp (D:6)
  An ufetubus (D:7)
  A worm (D:7)
  A dart slug (D:4)
  30 orcs
  4 endoplasms
  7 giant cockroaches
  14 goblins
  9 hobgoblins
  10 jackals
  A quokka (D:2)
  4 ball pythons
  7 bats
  A frilled lizard (D:2)
  13 kobolds
  3 rats
173 creatures vanquished.

Vanquished Creatures (others)
  4 fungi (D:3)
  5 plants (D:3)
9 creatures vanquished.

Grand Total: 182 creatures vanquished

Notes
Turn   | Place    | Note
-------+----------+-------------------------------------------
     0 | D:5      | drugrobin the Demigod Delver began the quest for the Orb.
     0 | D:5      | Reached XP level 1. HP: 18/18 MP: 3/3
    26 | D:5      | Noticed a necrophage
    55 | D:4      | Noticed a phantom
   165 | D:4      | Reached skill level 2 in Unarmed Combat
   170 | D:4      | Found a glowing drain.
   182 | Sewer    | Entered a sewer
   326 | Sewer    | Reached XP level 2. HP: 25/25 MP: 4/4
   330 | Sewer    | Noticed Pargi
   361 | Sewer    | Killed Pargi
   362 | Sewer    | Reached skill level 4 in Unarmed Combat
   362 | Sewer    | Reached XP level 3. HP: 13/30 MP: 5/5
   362 | Sewer    | Reached XP level 4. HP: 16/37 MP: 6/6
   505 | D:4      | Noticed an ogre
   579 | D:2      | Found Rasiulefah's Magic Scroll Shoppe.
   583 | D:2      | Bought a scroll of identify for 20 gold pieces
  1727 | D:2      | Reached skill level 5 in Unarmed Combat
  1986 | D:2      | Found a runed translucent door.
  1987 | D:2      | Noticed Crazy Yiuf
  2025 | D:2      | Reached XP level 5. HP: 42/42 MP: 7/7
  2271 | D:3      | Learned a level 2 spell: Blink
  2684 | D:3      | Noticed an ogre
  3292 | D:3      | Killed an ogre
  3293 | D:3      | Reached skill level 6 in Unarmed Combat
  3293 | D:3      | Reached XP level 6. HP: 50/50 MP: 6/8
  3624 | D:4      | Noticed Blork the orc
  3633 | D:4      | Killed Blork the orc
  3741 | D:4      | Reached skill level 7 in Unarmed Combat
  3874 | D:4      | Reached XP level 7. HP: 17/56 MP: 7/9
  4230 | D:4      | Found Gocesuukk's Jewellery Shop.
  4306 | D:4      | Found a staircase to the Ecumenical Temple.
  4530 | D:5      | Noticed Grinder
  4718 | D:5      | Reached skill level 8 in Unarmed Combat
  5438 | D:5      | Reached skill level 9 in Unarmed Combat
  5510 | D:5      | Reached XP level 8. HP: 61/62 MP: 10/10
  5988 | D:6      | Identified the +11 spear "Dur Veph" {elec, rCorr Str+3
                  | Dex+3}
  6030 | D:6      | Reached skill level 10 in Unarmed Combat
  7215 | D:6      | Reached skill level 11 in Unarmed Combat
  7684 | D:7      | Reached XP level 9. HP: 58/67 MP: 11/11
  7858 | D:7      | Noticed Joseph
  8087 | D:5      | Killed Grinder
  8088 | D:5      | Reached skill level 12 in Unarmed Combat
  8344 | D:7      | Learned a level 3 spell: Spider Form
  8348 | D:7      | Learned a level 3 spell: Ozocubu's Armour
  9487 | D:7      | Constricted to death by Joseph

Illustrated notes

Levels and vault maps discovered:
D:1:      co_arrival_random_square_maze, layout_loops_cross
D:2:      layout_rooms, serial_shops, nicolae_shop_hallway_stairs,
          uniq_crazy_yiuf_cottage
D:3:      layout_loops_corners, mainiacjoe_overflow_alcove_3,
          dreamdust_ecumenical_altar_grove, minmay_ogre_servants
D:4:      nicolae_cairo_tiling_large_dashed, layout_basic,
          minmay_temple_entry_poolview, portal_sewer_entry_b, serial_shops,
          nicolae_shop_stone, uniq_blork_the_orc
D:5:      layout_cave_pods, nicolae_gozag_seed_capital, uniq_grinder
D:6:      layout_cave_pools, amcnicky_altar_gilded
D:7:      layout_basic, slow_altar_2, uniq_joseph

Skill      XL: |  1  2  3  4  5  6  7  8  9 |
---------------+----------------------------+-----
Unarmed Combat | 2 4 5 6 7 9 11 12 | 12.8
Fighting       | |  2.6
Dodging        | |  1.7
Stealth        | |  4.5

Action                   |  1- 3 |  4- 6 |  7- 9 || total
-------------------------+-------+-------+-------++-------
Melee: Short sword       |    17 |    79 |       ||    96
       Glaive            |    10 |       |       ||    10
       Unarmed           |     4 |    36 |   270 ||   310
       Dagger            |       |   106 |    13 ||   119
       Punch             |       |     1 |    12 ||    13
       Spear             |       |       |    17 ||    17
 Fire: Sling             |       |    27 |       ||    27
       Shortbow          |       |       |    66 ||    66
Throw: Stone             |     1 |     7 |     4 ||    12
       Dart              |       |       |     7 ||     7
 Cast: Blink             |       |     3 |     3 ||     6
       Spider Form       |       |       |     2 ||     2
       Ozocubu's Armour  |       |       |     1 ||     1
Evoke: Wand              |       |       |     6 ||     6
  Use: Potion            |     2 |       |       ||     2
 Stab: Sleeping          |     3 |    11 |     6 ||    20
       Distracted        |       |     1 |     1 ||     2
Armor: Leather armour    |    12 |    45 |    52 ||   109
       Robe              |       |       |    15 ||    15
Dodge: Dodged            |    26 |   109 |   154 ||   289

Table legend: (Time is in decaauts)
 A = Elapsed time spent in this place.
 B = Non-inter-level travel time spent in this place.
 C = Inter-level travel time spent in this place.
 D = Time resting spent in this place.
 E = Time spent auto-exploring this place.
 F = Levels seen in this place.
 G = Mean time per level.
                   A        B        C        D        E       F      G
               +--------+--------+--------+--------+--------+-----+--------+
         Total |   9421 |   8932 |    489 |   1484 |   5263 |   8 | 1177.6 |
       Dungeon |   9156 |   8667 |    489 |   1405 |   5230 |   7 | 1308.0 |
         Sewer |    265 |    265 |      0 |     78 |     33 |   1 |  265.0 |
               +--------+--------+--------+--------+--------+-----+--------+

Top non-repeatable levels by time:
     D:7: 1925 daAuts
     D:6: 1620 daAuts
     D:5: 1472 daAuts
     D:3: 1318 daAuts
     D:4: 1255 daAuts
     D:2: 813 daAuts
     D:1: 750 daAuts
   Sewer: 265 daAuts
